 Dungeon Crawl Stone Soup version 0.23-a0-395-gcf17ac6 (webtiles) character file.

15514 MisterFreud the Reanimator (level 12, -1/91 HPs)
             Began as a Gnoll Necromancer on Nov 1, 2018.
             Was an Elder of Nemelex Xobeh.
             Slain by a crocodile (13 damage)
             ... on level 3 of the Lair of Beasts.
             The game lasted 00:51:46 (10532 turns).

MisterFreud the Reanimator (Gnoll Necromancer)     Turns: 10532, Time: 00:51:47

Health: -1/91      AC:  8    Str: 10    XL:     12   Next: 27%
Magic:  15/24      EV: 17    Int: 23    God:    Nemelex Xobeh [****..]
Gold:   681        SH:  0    Dex: 14    Spells: 21/28 levels left

rFire    . . .     SeeInvis +   D - +5 long sword of Wyrd {distort, +Blink Dex-2 SInv}
rCold    . . .     Gourm    .   (no shield)
rNeg     + . .     Faith    .   z - +1 robe {rN+}
rPois    .         Spirit   .   o - +1 helmet
rElec    .         Reflect  .   x - +0 cloak
rCorr    .         Harm     .   I - +0 pair of gloves
MR       .....                  (no boots)
Stlth    +++++.....             (no amulet)
HPRegen  1.25/turn              s - ring of stealth
MPRegen  0.19/turn              Q - +2 ring of slaying

@: regenerating
A: distributed training, fangs 1, strong nose
a: Triple Draw, Deal Four, Renounce Religion, Evoke Blink


You were on level 3 of the Lair of Beasts.
You worshipped Nemelex Xobeh.
Nemelex Xobeh was greatly pleased with you.
You were not hungry.

You visited 3 branches of the dungeon, and saw 15 of its levels.

You collected 681 gold pieces.

Inventory:

Hand Weapons
 e - a +3 whip of venom
 D - the +5 long sword of Wyrd (weapon) {distort, +Blink Dex-2 SInv}
   (You found it on level 5 of the Dungeon)

   It warps and distorts space around it.
   Unwielding it can cause banishment or high damage.
   It affects your dexterity (-2).
   It lets you see invisible.
   It lets you blink.
 J - the +4 rapier "Concordance" {freeze, *Contam Int+4 Dex+9 Stlth+}
   (You found it on level 8 of the Dungeon)

   It has been specially enchanted to freeze those struck by it, causing extra
   injury to most foes and up to half again as much damage against particularly
   susceptible opponents.
   It can also slow down cold-blooded creatures.
   It affects your intelligence (+4).
   It affects your dexterity (+9).
   It causes magical contamination when unequipped.
   It makes you more stealthy.
Missiles
 N - a throwing net (quivered)
Armour
 o - a +1 helmet (worn)
 x - a +0 cloak (worn)
 z - a +1 robe of positive energy (worn)
 I - a +0 pair of gloves (worn)
 R - a scarf of cloud immunity
Jewellery
 g - an uncursed ring of magical power
 s - a ring of stealth (left hand)
 Q - a +2 ring of slaying (right hand)
Wands
 v - a wand of flame (17)
 B - a wand of polymorph (6)
 F - a wand of paralysis (18)
 O - a wand of digging (4)
 X - a wand of iceblast (6)
 Y - a wand of random effects (28)
Scrolls
 f - 4 scrolls of enchant armour
 i - 8 scrolls of remove curse
 l - a scroll of identify
 n - 3 scrolls of amnesia
 C - 2 scrolls of fog
 L - a scroll of enchant weapon
 S - a scroll of brand weapon
 V - 4 scrolls of teleportation
Potions
 a - 5 potions of curing
 d - 2 potions of brilliance
 h - 3 potions of mutation
 j - a potion of heal wounds
 k - 3 potions of flight
 p - 2 potions of lignification
 q - 3 potions of invisibility
 r - 2 potions of agility
 t - 3 potions of degeneration
 u - a potion of cancellation
 w - a potion of magic
 A - a potion of resistance
 G - a potion of might
 U - a potion of haste
Miscellaneous
 b - an ornate deck of summoning {drawn: 4}
 H - a phantom mirror
 K - a plain deck of escape {drawn: 3}
 P - an ornate deck of destruction {drawn: 1}
 Z - a plain deck of escape
Comestibles
 c - 32 rations


   Skills:
 + Level 7.0 Fighting
 + Level 7.0 Short Blades
 + Level 7.0 Long Blades
 + Level 7.0 Axes
 + Level 7.0 Maces & Flails
 + Level 7.0 Polearms
 + Level 7.0 Staves
 + Level 7.0 Slings
 + Level 7.0 Bows
 + Level 7.0 Crossbows
 + Level 7.0 Throwing
 + Level 7.0 Armour
 + Level 8.4 Dodging
 + Level 8.2 Stealth
 + Level 7.0 Shields
 + Level 7.0 Unarmed Combat
 + Level 8.7 Spellcasting
 + Level 5.8 Conjurations
 + Level 5.8 Hexes
 + Level 5.8 Charms
 + Level 5.8 Summonings
 + Level 9.3 Necromancy
 + Level 5.8 Translocations
 + Level 5.8 Transmutations
 + Level 5.8 Fire Magic
 + Level 5.8 Ice Magic
 + Level 5.8 Air Magic
 + Level 5.8 Earth Magic
 + Level 5.8 Poison Magic
 + Level 7.7 Invocations
 + Level 7.0 Evocations


You had 21 spell levels left.
You knew the following spells:

 Your Spells              Type           Power        Failure   Level  Hunger
a - Pain                  Necr           ####         1%          1    None
b - Vampiric Draining     Necr           ######....   1%          3    None
c - Regeneration          Chrm/Necr      #####.....   1%          3    None

Your spell library contained the following spells:

 Spells                   Type           Power        Failure   Level  Hunger
 Animate Skeleton         Necr           N/A          1%          1    None
 Magic Dart               Conj           ####         1%          1    None
 Shock                    Conj/Air       ####         1%          1    None
 Sting                    Conj/Pois      ####         1%          1    None
 Poisonous Vapours        Pois/Air       #####.       1%          2    None
 Searing Ray              Conj           #####.       1%          2    None
 Swiftness                Chrm/Air       #####...     1%          2    None
 Dazzling Spray           Conj/Hex       #####.       1%          3    None
 Mephitic Cloud           Conj/Pois/Air  #####...     1%          3    None
 Static Discharge         Conj/Air       #####...     1%          3    None
 Animate Dead             Necr           N/A          1%          4    ##.....
 Airstrike                Air            #####.....   6%          4    ##.....
 Force Lance              Conj/Tloc      #####...     6%          4    ##.....
 Fulminant Prism          Conj/Hex       #####.....   6%          4    ##.....
 Iskenderun's Mystic Bla  Conj           #####...     6%          4    ##.....
 Olgreb's Toxic Radiance  Pois           #####...     6%          4    ##.....
 Lightning Bolt           Conj/Air       #####.....   16%         5    ####...
 Venom Bolt               Conj/Pois      #####.....   16%         5    ####...


Dungeon Overview and Level Annotations

Branches:
Dungeon (11/15)            Temple (1/1) D:4            Lair (3/6) D:10
  Snake (0/4) Lair:2
  Swamp: Lair:2-4    Shoals: Lair:2-4       Orc: D:9-12

Altars:
Ashenzari
Cheibriados
Dithmenos
Elyvilon
Fedhas
Gozag
Hepliaklqana
Kikubaaqudgha
Makhleb
Nemelex Xobeh
Okawaru
Qazlal
Ru
Sif Muna
Trog
Uskayaw
Vehumet
Wu Jian
Xom
Yredelemnul
Zin
The Shining One

Annotations:
D:10 Grum


Innate Abilities, Weirdness & Mutations

Your experience applies equally to all skills.
You have very sharp teeth.
Your uncanny sense of smell can sniff out nearby items.


Message History

t - Bark!
Orders for allies: a - Attack new target. p - Attack previous target. r - Retreat! s - Stop attacking. g - Guard the area. f - Follow me.
Anything else - Cancel.
Gang up on whom?
Press: ? - help, Dir - move target cursor, f/p - vampire mosquito
Aim: a vampire mosquito Attack!
The vampire mosquito misses you.
You riposte.
You slash the vampire mosquito!
Space bends around the vampire mosquito.
The vampire mosquito is heavily damaged.
Your wyvern bites the vampire mosquito!
Your wyvern closely misses the vampire mosquito.
The vampire mosquito bites you but does no damage.
Your wyvern bites the vampire mosquito!!
The vampire mosquito is destroyed!
Your wyvern bites the crocodile!
The crocodile bites you!
You die...
Your body glows slightly and disappears.

##....†%..## ## ##
## ....<......####
..)..>....##..##
..........†....####
:...........(....P.
................P..
..........†........
#...#....lll.......
....#.....t@.......
.......♣♣♣♣♣...#
.....P♣ ## ####..
#..♣ ?... ....


You could see a crocodile and 3 friendly wyverns.

Vanquished Creatures
  A hydra (Lair:3)
  A two-headed ogre (D:10)
  A death yak (D:10)
  Pikel (D:4)
  A harpy (Lair:1)
  An ugly thing (D:11)
  A black mamba (Lair:1)
  A spiny frog (Lair:1)
  A rime drake (Lair:1)
  2 trolls
  3 hippogriffs
  Sigmund (D:3)
  A shadow (D:10)
  7 yaks
  4 wyverns
  A basilisk (Lair:3)
  Menkaure (D:7)
  A soldier ant (Lair:1)
  Edmund (D:4)
  A naga (Lair:2)
  7 water moccasins
  3 porcupines
  A slave (D:4)
  2 sky beasts (D:6)
  An orc warrior (D:10)
  A necrophage (D:8)
  An ice beast (D:7)
  A wolf (D:10)
  2 centaurs
  3 ogres
  6 bullfrogs
  2 gnoll sergeants (D:9)
  A wyvern skeleton (D:6)
  2 scorpions
  5 wights (D:6)
  4 killer bees
  5 howler monkeys
  A crimson imp (D:10)
  11 hounds
  5 orc priests
  9 orc wizards
  2 centaur skeletons (D:7)
  An iguana (D:4)
  Natasha (twice) (D:2)
  2 worker ants
  13 gnolls (D:9)
  13 adders
  2 shadow imps
  An ooze (D:1)
  3 worms (D:2)
  2 dart slugs
  4 leopard geckos
  33 orcs
  2 ball pythons
  10 bats
  5 giant cockroaches
  8 goblins
  8 hobgoblins
  8 jackals
  3 quokkas
  2 frilled lizards
  6 kobolds
  A leopard gecko zombie (D:6)
  A quokka skeleton (D:6)
  5 rats
  A fungus (Lair:1)
243 creatures vanquished.

Vanquished Creatures (collateral kills)
  A two-headed ogre (D:10)
  An ugly thing (D:11)
  2 komodo dragons
  A hippogriff (D:7)
  A wraith (D:11)
  8 yaks
  A hungry ghost (D:11)
  2 vampire mosquitoes (Lair:3)
  2 ice beasts (D:5)
  2 big kobolds
  A bullfrog (D:9)
  A gnoll sergeant (D:9)
  2 scorpions
  8 killer bees
  3 howler monkeys
  2 crimson imps
  An orc priest (D:9)
  A gnoll shaman (D:9)
  2 orc wizards
  An iguana (D:5)
  2 killer bee zombies (D:7)
  2 worker ant zombies
  2 gnolls (D:9)
  4 adders
  A worm (D:5)
  A leopard gecko (D:5)
  5 orcs
  A jackal (D:9)
  8 kobolds
69 creatures vanquished.

Vanquished Creatures (others)
  A two-headed ogre (D:11)
  2 yaks (Lair:2)
  A naga (Lair:2)
  A sky beast (D:10)
  An ogre (D:7)
  A bullfrog (Lair:1)
  A killer bee (D:8)
  A howler monkey (D:8)
  An orc wizard (D:10)
  A hound skeleton (D:4)
  A howler monkey skeleton (D:7)
  A ball lightning (Lair:2)
  An orc (D:10)
  A quokka (D:3)
  2 fungi
  A plant (Lair:2)
18 creatures vanquished.

Grand Total: 330 creatures vanquished

Notes
Turn   | Place    | Note
-------+----------+-------------------------------------------
     0 | D:1      | MisterFreud the Gnoll Necromancer began the quest for the
                  | Orb.
     0 | D:1      | Reached XP level 1. HP: 13/13 MP: 6/6
   227 | D:1      | Reached XP level 2. HP: 19/19 MP: 7/7
   441 | D:1      | Reached XP level 3. HP: 25/25 MP: 9/9
   449 | D:1      | Reached skill level 5 in Spellcasting
  1066 | D:2      | Reached skill level 1 in Invocations
  1248 | D:2      | Noticed Natasha
  1355 | D:1      | Learned a level 3 spell: Vampiric Draining
  1359 | D:1      | Learned a level 3 spell: Regeneration
  1364 | D:2      | Killed Natasha
  1364 | D:2      | Reached skill level 1 in Fighting
  1364 | D:2      | Reached skill level 1 in Short Blades
  1364 | D:2      | Reached skill level 1 in Long Blades
  1364 | D:2      | Reached skill level 1 in Axes
  1364 | D:2      | Reached skill level 1 in Maces & Flails
  1364 | D:2      | Reached skill level 1 in Polearms
  1364 | D:2      | Reached skill level 1 in Staves
  1364 | D:2      | Reached skill level 1 in Slings
  1364 | D:2      | Reached skill level 1 in Bows
  1364 | D:2      | Reached skill level 1 in Crossbows
  1364 | D:2      | Reached skill level 1 in Throwing
  1364 | D:2      | Reached skill level 1 in Armour
  1364 | D:2      | Reached skill level 1 in Shields
  1364 | D:2      | Reached skill level 1 in Unarmed Combat
  1364 | D:2      | Reached skill level 1 in Evocations
  1364 | D:2      | Reached XP level 4. HP: 32/32 MP: 7/11
  1373 | D:2      | Noticed Natasha
  1378 | D:2      | Killed Natasha
  1378 | D:2      | Reached skill level 1 in Conjurations
  1378 | D:2      | Reached skill level 1 in Hexes
  1378 | D:2      | Reached skill level 1 in Charms
  1378 | D:2      | Reached skill level 1 in Summonings
  1378 | D:2      | Reached skill level 1 in Translocations
  1378 | D:2      | Reached skill level 1 in Transmutations
  1378 | D:2      | Reached skill level 1 in Fire Magic
  1378 | D:2      | Reached skill level 1 in Ice Magic
  1378 | D:2      | Reached skill level 1 in Air Magic
  1378 | D:2      | Reached skill level 1 in Earth Magic
  1378 | D:2      | Reached skill level 1 in Poison Magic
  1446 | D:2      | Found an opulent altar of Gozag.
  1446 | D:2      | Found a glowing silver altar of Zin.
  1787 | D:3      | Reached XP level 5. HP: 37/37 MP: 12/12
  1984 | D:3      | Noticed Sigmund
  2060 | D:3      | Found a white marble altar of Elyvilon.
  2105 | D:3      | Found an iron altar of Okawaru.
  2332 | D:3      | Killed Sigmund
  2332 | D:3      | Reached skill level 5 in Dodging
  2332 | D:3      | Reached XP level 6. HP: 44/44 MP: 11/14
  2912 | D:4      | Found a basalt altar of Yredelemnul.
  2950 | D:4      | Found a stormy altar of Qazlal.
  3007 | D:4      | Noticed Edmund
  3035 | D:4      | Killed Edmund
  3035 | D:4      | Reached XP level 7. HP: 40/50 MP: 13/15
  3124 | D:4      | Found an iron altar of Okawaru.
  3329 | D:4      | Noticed Pikel
  3351 | D:4      | Killed Pikel
  3351 | D:4      | Reached skill level 5 in Stealth
  3351 | D:4      | Reached XP level 8. HP: 38/58 MP: 16/16
  3371 | D:4      | Found a staircase to the Ecumenical Temple.
  3378 | Temple   | Entered the Ecumenical Temple
  3469 | Temple   | Became a worshipper of the Shining One
  3573 | Temple   | Fell from the grace of the Shining One
  3573 | Temple   | Became a worshipper of Nemelex Xobeh the Trickster
  3663 | D:4      | Found an ornate altar of the Wu Jian Council.
  3682 | D:4      | Received a gift from Nemelex Xobeh
  3873 | D:4      | Found a bloodstained altar of Trog.
  4117 | D:4      | Found a hazy altar of Hepliaklqana.
  4196 | D:5      | Entered Level 5 of the Dungeon
  4558 | D:5      | Reached XP level 9. HP: 58/65 MP: 18/18
  4735 | D:5      | Got a crude long sword
  4736 | D:5      | Identified the +5 long sword of Wyrd {distort, +Blink Dex-2
                  | SInv} (You found it on level 5 of the Dungeon)
  4760 | D:6      | Reached * piety under Nemelex Xobeh
  4960 | D:6      | HP: 2/65 [wight/+4 halberd (6)]
  5637 | D:6      | Reached ** piety under Nemelex Xobeh
  6012 | D:7      | Reached skill level 8 in Necromancy
  6057 | D:7      | Noticed a troll
  6199 | D:7      | Received a gift from Nemelex Xobeh
  6254 | D:7      | Noticed Menkaure
  6291 | D:7      | Killed Menkaure
  6405 | D:7      | Reached skill level 5 in Invocations
  6407 | D:7      | Killed a troll
  6875 | D:8      | Reached XP level 10. HP: 63/73 MP: 17/20
  7188 | D:8      | Got an encrusted rapier
  7259 | D:8      | Reached skill level 5 in Fighting
  7259 | D:8      | Reached skill level 5 in Short Blades
  7259 | D:8      | Reached skill level 5 in Long Blades
  7259 | D:8      | Reached skill level 5 in Axes
  7259 | D:8      | Reached skill level 5 in Maces & Flails
  7259 | D:8      | Reached skill level 5 in Polearms
  7259 | D:8      | Reached skill level 5 in Staves
  7259 | D:8      | Reached skill level 5 in Slings
  7259 | D:8      | Reached skill level 5 in Bows
  7259 | D:8      | Reached skill level 5 in Crossbows
  7259 | D:8      | Reached skill level 5 in Throwing
  7259 | D:8      | Reached skill level 5 in Armour
  7259 | D:8      | Reached skill level 5 in Shields
  7259 | D:8      | Reached skill level 5 in Unarmed Combat
  7259 | D:8      | Reached skill level 5 in Evocations
  7458 | D:9      | Received a gift from Nemelex Xobeh
  7677 | D:9      | You fall through a shaft for 2 floors!
  7688 | D:11     | Noticed a two-headed ogre
  7756 | D:11     | Noticed a cyan ugly thing
  7766 | D:11     | Killed a cyan ugly thing
  7810 | D:11     | Noticed a two-headed ogre
  7810 | D:11     | Noticed a brown ugly thing
  7873 | D:11     | Banished a two-headed ogre
  7893 | D:11     | Killed a brown ugly thing
  7904 | D:10     | Entered Level 10 of the Dungeon
  7904 | D:10     | Reached *** piety under Nemelex Xobeh
  7904 | D:10     | Noticed a death yak
  7908 | D:10     | Noticed a death yak
  7908 | D:10     | Noticed a death yak
  7919 | D:11     | Found a shimmering altar of Xom.
  7919 | D:11     | Found a shimmering altar of Xom.
  7919 | D:11     | Found a shimmering altar of Xom.
  7919 | D:11     | Found a shimmering altar of Xom.
  7919 | D:11     | Found a shimmering altar of Xom.
  7968 | D:11     | Noticed a two-headed ogre
  8015 | D:10     | Noticed a two-headed ogre
  8246 | D:9      | Reached XP level 11. HP: 64/81 MP: 22/22
  8257 | D:9      | Received a gift from Nemelex Xobeh
  8508 | D:9      | Received a gift from Nemelex Xobeh
  8524 | D:9      | Found an ancient bone altar of Kikubaaqudgha.
  8526 | D:9      | Found a blossoming altar of Fedhas.
  8699 | D:10     | Noticed a two-headed ogre
  8703 | D:10     | Killed a two-headed ogre
  8755 | D:10     | Reached skill level 5 in Conjurations
  8755 | D:10     | Reached skill level 5 in Hexes
  8755 | D:10     | Reached skill level 5 in Charms
  8755 | D:10     | Reached skill level 5 in Summonings
  8755 | D:10     | Reached skill level 5 in Translocations
  8755 | D:10     | Reached skill level 5 in Transmutations
  8755 | D:10     | Reached skill level 5 in Fire Magic
  8755 | D:10     | Reached skill level 5 in Ice Magic
  8755 | D:10     | Reached skill level 5 in Air Magic
  8755 | D:10     | Reached skill level 5 in Earth Magic
  8755 | D:10     | Reached skill level 5 in Poison Magic
  8784 | D:10     | Killed a death yak
  8788 | D:10     | Killed a two-headed ogre
  8821 | D:10     | Noticed a death yak
  8821 | D:10     | Noticed a death yak
  8835 | D:10     | Noticed Grum
  8838 | D:10     | Reached **** piety under Nemelex Xobeh
  8839 | D:10     | Found a staircase to the Lair.
  8850 | Lair:1   | Entered Level 1 of the Lair of Beasts
  9036 | Lair:1   | Reached skill level 9 in Necromancy
  9177 | Lair:1   | Noticed a harpy
  9177 | Lair:1   | a yak changed into a harpy
  9182 | Lair:1   | Killed a harpy
  9419 | Lair:1   | Received a gift from Nemelex Xobeh
  9856 | Lair:2   | Reached XP level 12. HP: 55/89 MP: 18/24
  9867 | Lair:2   | Found a staircase to the Snake Pit.
 10024 | Lair:2   | Identified the +4 rapier "Concordance" {freeze, *Contam
                  | Int+4 Dex+9 Stlth+} (You found it on level 8 of the
                  | Dungeon)
 10032 | Lair:2   | Received a gift from Nemelex Xobeh
 10483 | Lair:3   | Noticed an eight-headed hydra
 10525 | Lair:3   | Killed an eight-headed hydra
 10532 | Lair:3   | Slain by a crocodile

Vault maps used:
D:1:      scummos_arrival_hexagon
D:2:      grunt_temple_overflow_gold_and_silver, uniq_natasha
D:3:      elyvilon_altar_4, first_ration, roderic_lattice_a,
          okawaru_ov_weapons_minmay, uniq_sigmund
D:4:      nicolae_overflow_crystal_walls, lemuel_crystal_altar,
          kennysheep_little_box, nicolae_overflow_hidden_temple,
          kennysheep_mini, kennysheep_mini_moat, minmay_temple_entry_grid,
          chequers_ossuary_entry_cave, eino_tiny_chamber,
          mrwooster_statue_mirror, minmay_misc_feat_alley, uniq_pikel,
          uniq_edmund
D:5:      minivault_1
D:6:      feat_on_display
D:7:      grunt_ogre_cave, uniq_menkaure
D:9:      grunt_temple_overflow_growth_and_decay, serial_gnoll_camp,
          gnoll_camp_mini_loothouse, gnoll_camp_mini_doghouse,
          gnoll_camp_mini_hut, gnoll_camp_huts_basic, gnoll_camp_mini_basic,
          gnoll_camp_mini_hut
D:10:     dpeg_lair_monsters, uniq_grum
D:11:     serial_corexii_hall, chequers_hall_statues_corner_a,
          corexii_hall_statues_deadend, chequers_hall_statues_y,
          chequers_hall_statues_corner_a, minmay_misc_feat_chi, xom_redecorated
Temple:   jpeg_temple_clearing
Lair:1:   lemuel_fruit_tree
Lair:2:   minmay_snake_entry_guardpost_small
Lair:3:   minmay_swamp_entry_swarm

Skill      XL: |  1  2  3  4  5  6  7  8  9 10 11 12 |
---------------+-------------------------------------+-----
Spellcasting   | 5 6 7 8 |  8.7
Invocations    | 1 2 3 4 5 6 7 |  7.7
Fighting       | 1 2 3 4 5 6 7 |  7.0
Short Blades   | 1 2 3 4 5 6 7 |  7.0
Long Blades    | 1 2 3 4 5 6 7 |  7.0
Axes           | 1 2 3 4 5 6 7 |  7.0
Maces & Flails | 1 2 3 4 5 6 7 |  7.0
Polearms       | 1 2 3 4 5 6 7 |  7.0
Staves         | 1 2 3 4 5 6 7 |  7.0
Slings         | 1 2 3 4 5 6 7 |  7.0
Bows           | 1 2 3 4 5 6 7 |  7.0
Crossbows      | 1 2 3 4 5 6 7 |  7.0
Throwing       | 1 2 3 4 5 6 7 |  7.0
Armour         | 1 2 3 4 5 6 7 |  7.0
Shields        | 1 2 3 4 5 6 7 |  7.0
Unarmed Combat | 1 2 3 4 5 6 7 |  7.0
Evocations     | 1 2 3 4 5 6 7 |  7.0
Conjurations   | 1 2 3 4 5 |  5.8
Hexes          | 1 2 3 4 5 |  5.8
Charms         | 1 2 3 4 5 |  5.8
Summonings     | 1 2 3 4 5 |  5.8
Translocations | 1 2 3 4 5 |  5.8
Transmutations | 1 2 3 4 5 |  5.8
Fire Magic     | 1 2 3 4 5 |  5.8
Ice Magic      | 1 2 3 4 5 |  5.8
Air Magic      | 1 2 3 4 5 |  5.8
Earth Magic    | 1 2 3 4 5 |  5.8
Poison Magic   | 1 2 3 4 5 |  5.8
Dodging        | 5 6 7 8 |  8.4
Stealth        | 5 6 7 8 |  8.2
Necromancy     | 8 9 |  9.3

Action                   |  1- 3 |  4- 6 |  7- 9 | 10-12 || total
-------------------------+-------+-------+-------+-------++-------
Melee: Unarmed           |     2 |       |       |       ||     2
       Whip              |    52 |   140 |   122 |       ||   314
       Bite              |     5 |    14 |    25 |    28 ||    72
       Long sword        |       |       |   117 |   289 ||   406
       Punch             |       |       |     1 |     8 ||     9
 Cast: Pain              |     5 |       |       |       ||     5
       Regeneration      |     1 |     9 |    11 |    27 ||    48
       Vampiric Draining |       |       |       |    25 ||    25
 Abil: Evoke Blink       |       |       |       |     5 ||     5
Evoke: Deck              |       |       |     7 |    36 ||    43
       Wand              |       |       |       |     9 ||     9
  Use: Scroll            |     5 |       |     6 |    20 ||    31
       Potion            |       |       |     1 |       ||     1
 Stab: Sleeping          |    10 |    10 |    13 |    10 ||    43
       Distracted        |       |       |     2 |     5 ||     7
       Paralysed         |       |       |       |     3 ||     3
  Eat: Chunk             |     1 |     6 |    10 |    14 ||    31
       Ration            |       |       |     1 |       ||     1
Armor: Robe              |     5 |    28 |    52 |    65 ||   150
Dodge: Dodged            |    32 |    84 |   161 |   273 ||   550
       Rpst.: Long sword |       |       |    27 |    68 ||    95

Table legend:
 A = Non-vault XP
 B = Vault XP
 C = Vault XP percentage of total XP
 D = Non-vault monster count
 E = Vault monster count
 F = Vault count percentage of total count
                 A         B        C        D         E       F
            +---------+---------+-------+---------+---------+-------
      Total |   18747 |    3417 |  15.4 |     279 |      43 |  13.4
            +---------+---------+-------+---------+---------+-------
        D:1 |      53 |       0 |   0.0 |      27 |       0 |   0.0
        D:2 |      75 |      35 |  31.8 |      13 |       1 |   7.1
        D:3 |      93 |     220 |  70.3 |      19 |       1 |   5.0
        D:4 |     615 |     793 |  56.3 |      23 |       2 |   8.0
        D:5 |     469 |       0 |   0.0 |      22 |       0 |   0.0
        D:6 |     737 |       0 |   0.0 |      17 |       0 |   0.0
        D:7 |    1234 |     260 |  17.4 |      39 |       2 |   4.9
        D:8 |    1642 |       0 |   0.0 |      25 |       0 |   0.0
        D:9 |     558 |     773 |  58.1 |      21 |      31 |  59.6
       D:10 |    2984 |     826 |  21.7 |      22 |       2 |   8.3
       D:11 |    1961 |       0 |   0.0 |      12 |       0 |   0.0
     Lair:1 |    4083 |       0 |   0.0 |      17 |       0 |   0.0
     Lair:2 |    2033 |     290 |  12.5 |      12 |       2 |  14.3
     Lair:3 |    2210 |     220 |   9.1 |      10 |       2 |  16.7
            +---------+---------+-------+---------+---------+-------
